 Dungeon Crawl Stone Soup version 0.31.0-32-g396128a36d (webtiles) character file.

Game seed: 10739670583258668629

8470 bronco the Cleaver (level 11, 0/89 HPs)
             Began as a Minotaur Monk on Apr 3, 2024.
             Was a High Priest of Okawaru.
             Killed from afar by Fannar (17 damage)
             ... with a bolt of cold
             ... in the Arena.
             The game lasted 00:23:45 (8963 turns).

bronco the Cleaver (Minotaur Monk)                  Turns: 8963, Time: 00:23:47

Health: 0/89       AC: 14    Str: 20    XL:     11   Next: 10%
Magic:  17/17      EV:  7    Int:  7    God:    Okawaru [*****.]
Gold:   529        SH:  0    Dex: 13    Spells: 10/10 levels left

rFire   . . .        a - +5 battleaxe (freeze)
rCold   . . .        (shield currently unavailable)
rNeg    . . .        j - +1 plate armour
rPois   .            s - +1 hat
rElec   .            (no cloak)
rCorr   .            (no gloves)
SInv    .            (no boots)
Will    .....        r - amulet of regeneration Stlth
                     (no ring)
HPRegen 1.14/turn    (no ring)
MPRegen 0.15/turn

%: no passive effects
@: duelling
A: horns 2, retaliatory headbutt
a: Renounce Religion, Heroism, Finesse, Duel


You were in the Arena.
You worshipped Okawaru.
Okawaru was extremely pleased with you.
You visited 2 branches of the dungeon, and saw 11 of its levels.
You also visited: Sewer.

You collected 529 gold pieces.

Inventory:

Hand Weapons
 a - a +5 battleaxe of freezing (weapon)
 b - a +0 shortbow
 d - the +7 hand axe "Nooz" {spect, ^Contam rF++ Str+4 Stlth+}
   (You found it on level 9 of the Dungeon)

   Str+4:     It affects your strength (+4).
   rF++:      It greatly protects you from fire.
   ^Contam:   It causes magical contamination when unequipped.
   Stlth+:    It makes you more stealthy.
 m - a +4 war axe of freezing
 p - a +0 hand axe of flaming
Missiles
 f - 98 stones
 k - 5 boomerangs
 q - a curare-tipped dart
 y - 27 poisoned darts
 A - a throwing net
Armour
 j - a +1 plate armour (worn)
 s - a +1 hat (worn)
 J - a +1 leather armour of poison resistance
Jewellery
 r - an amulet of regeneration (around neck)
Wands
 g - a wand of roots (11)
 h - a wand of digging (4)
Scrolls
 e - 6 scrolls of teleportation
 v - a scroll of silence
 x - 2 scrolls of immolation
 D - 3 scrolls of enchant weapon
 F - a scroll of fog
 G - a scroll of poison
Potions
 i - 3 potions of enlightenment
 l - 2 potions of lignification
 n - a potion of magic {unknown}
 o - a potion of berserk rage {unknown}
 t - 3 potions of might
 u - a potion of brilliance {unknown}
 w - a potion of cancellation {unknown}
 z - 2 potions of resistance {unknown}
 E - a potion of invisibility {unknown}
 H - 2 potions of mutation {unknown}
 I - 3 potions of haste {unknown}
 L - 3 potions of degeneration


   Skills:
 - Level 5.7 Fighting
 - Level 13.3 Axes
 + Level 6.4 Ranged Weapons
 - Level 5.2 Armour
 - Level 3.3 Dodging
 - Level 10.5 Invocations


You had 10 spell levels left.
You didn't know any spells.
Your spell library contained the following spells:

 Spells                   Type           Power      Damage    Failure   Level
 Magic Dart               Conj           0%         1d3       100%        1
 Searing Ray              Conj           0%         2d4       100%        2
 Fugue of the Fallen      Necr           0%         N/A       100%        3
 Ozocubu's Armour         Ice            0%         N/A       100%        3
 Fulminant Prism          Conj/Alch      0%         3d5       100%        4
 Manifold Assault         Tloc           0%         N/A       100%        4
 Summon Ice Beast         Ice/Summ       Unusable   N/A       N/A         3
 Summon Mana Viper        Hex/Summ       Unusable   N/A       N/A         5
 Monstrous Menagerie      Summ           Unusable   N/A       N/A         7

Dungeon Overview and Level Annotations

Branches:
Dungeon (10/15)            Temple (1/1) D:4             Orc (0/2) D:9
  Sewer (visited)
   Lair: D:8-11

Altars:
Ashenzari
Cheibriados
Dithmenos
Elyvilon
Fedhas
Gozag
Hepliaklqana
Kikubaaqudgha
Makhleb
Nemelex Xobeh
Okawaru
Qazlal
Ru
Sif Muna
Uskayaw
Vehumet
Wu Jian
Xom
Yredelemnul
Zin
The Shining One

Shops:
D:4 =   D:5 (   D:7 *   D:8 *

Annotations:
D:6 3 runed translucent doors, Tripartite's ghost, weakling MfDe Arena Fannar


Innate Abilities, Weirdness & Mutations

You have a pair of horns on your head.
You reflexively headbutt those who attack you in melee.


Message History

Unknown command.
Unknown command.
You miss Fannar. Your headbutt misses Fannar.
Fannar is almost dead.
You hit the ice beast but do no damage. You closely miss the ice beast.
The ice beast hits you but does no damage.
The ice beast barely misses you.
Fannar gestures wildly while chanting.
Fannar blinks!
Unknown command.
The ice beast attacks as it pursues you!
The ice beast hits you but does no damage.
You bump into the translucent unnaturally hard rock wall.
You slash the ice beast!
The ice beast is moderately wounded.
You slash Fannar! You hit the ice beast. The ice beast hits you.
The ice beast freezes you!
* * * LOW HITPOINT WARNING * * *
The ice beast barely misses you. Fannar hits you but does no damage.
You barely miss the ice beast. Your headbutt misses the ice beast.
The ice beast is moderately wounded.
You slash the ice beast!
You kill the ice beast!
The ice beast disappears in a puff of smoke!
You miss Fannar. The ice beast hits you. The ice beast freezes you.
* * * LOW HITPOINT WARNING * * *
Fannar gestures wildly while chanting.
Fannar blinks!
Unknown command.
You slice the ice beast!!
The ice beast is almost dead.
The ice beast hits you but does no damage.
You feel less invigorated.
You feel less confused. The ice beast hits you. The ice beast freezes you!
* * * LOW HITPOINT WARNING * * *
Fannar gestures at you while chanting. The bolt of cold hits you!
You die...
Okawaru crowns Fannar victorious!

###############
#....pp▓..pp..#
#▓▓▓▓▓▓▓▓▓▓▓▓▓#
#.........Y...#
#.8....∩e.@.8.#
#.............#
#▓▓▓▓▓▓▓▓▓▓▓▓▓#
#.p▓.p▓∩▓.p▓p.#
###############


You could see Fannar and an ice beast (summoned).

Vanquished Creatures
  Gastronok (D:8)
  A smoke demon (D:9)
  Jeremiah (D:6)
  3 red devils (D:9)
  A hellwing (D:9)
  A troll (D:7)
  2 wyverns
  Sigmund (D:2)
  A wraith (D:10)
  5 yaks (D:9)
  Edmund (D:6)
  2 acid dragons
  A black bear (D:8)
  An ice beast (D:5)
  A crocodile (Sewer)
  2 ogres
  4 centaurs
  3 phantoms (D:9)
  4 kobold brigands
  A brain worm (Sewer)
  4 bullfrogs
  3 scorpions
  16 wights
  5 killer bees (D:9)
  4 hounds
  A bombardier beetle (D:5)
  A jelly (D:5)
  2 gnoll boudas
  3 orc priests
  A sleepcap (D:5)
  5 iguanas
  13 orc wizards
  6 ogre zombies (D:9)
  Robin (D:2)
  11 gnolls
  12 adders
  3 river rats (Sewer)
  A shadow imp (D:6)
  A white imp (D:5)
  4 dart slugs
  2 ribbon worms
  25 orcs
  7 ball pythons
  4 endoplasms
  A giant cockroach (D:4)
  12 hobgoblins
  7 jackals
  20 kobolds
  14 quokkas
  9 bats
  5 frilled lizards
  A gnoll skeleton (D:9)
  15 goblins
  4 orc skeletons (D:9)
  14 orc zombies (D:9)
  25 rats
299 creatures vanquished.

Notes
Turn   | Place    | Note
-------+----------+-------------------------------------------
     0 | D:1      | bronco the Minotaur Monk began the quest for the Orb.
     0 | D:1      | Reached XP level 1. HP: 19/19 MP: 0/0
   113 | D:1      | Reached skill level 4 in Axes
   292 | D:1      | Reached XP level 2. HP: 26/26 MP: 1/1
   818 | D:2      | Noticed Robin
   827 | D:2      | Reached skill level 5 in Axes
   831 | D:2      | Reached XP level 3. HP: 17/31 MP: 2/2
   841 | D:2      | Killed Robin
   848 | D:2      | HP: 1/31 [hobgoblin[Robin] (1)]
  1047 | D:2      | Noticed Sigmund
  1133 | D:2      | Killed Sigmund
  1134 | D:2      | Reached skill level 7 in Axes
  1134 | D:2      | Reached XP level 4. HP: 28/39 MP: 3/3
  1134 | D:2      | Reached XP level 5. HP: 33/45 MP: 4/4
  1620 | D:3      | Found a basalt altar of Yredelemnul.
  1770 | D:3      | Reached skill level 8 in Axes
  1883 | D:3      | Reached XP level 6. HP: 34/51 MP: 5/5
  2259 | D:4      | Reached skill level 9 in Axes
  2444 | D:4      | Reached XP level 7. HP: 57/57 MP: 6/6
  2452 | D:4      | Found a glowing drain.
  2488 | Sewer    | Entered a sewer
  2495 | Sewer    | Reached skill level 10 in Axes
  2743 | Sewer    | Reached skill level 11 in Axes
  3262 | D:4      | Found Optityuq's Jewellery Shoppe.
  3275 | D:4      | Reached XP level 8. HP: 66/66 MP: 7/7
  3855 | D:4      | Reached skill level 1 in Armour
  3871 | D:4      | Found a staircase to the Ecumenical Temple.
  3880 | Temple   | Entered the Ecumenical Temple
  3885 | Temple   | Became a worshipper of Warmaster Okawaru
  3885 | Temple   | Reached * piety under Okawaru
  3885 | Temple   | Reached ** piety under Okawaru
  4063 | D:5      | Entered Level 5 of the Dungeon
  4080 | D:5      | Noticed a seven-headed hydra
  4081 | D:5      | Found Fecin's Hydra Hut.
  4239 | D:5      | Reached skill level 12 in Axes
  4785 | D:5      | Identified the +6 chain mail "Feiluoth" {rC+ rN+ Will++
                  | Str-5}
  4841 | D:5      | Reached skill level 5 in Fighting
  4976 | D:5      | Found a shadowy altar of Dithmenos.
  5353 | D:6      | Noticed Edmund
  5366 | D:6      | Killed Edmund
  5367 | D:6      | Reached skill level 13 in Axes
  5493 | D:6      | Reached XP level 9. HP: 70/74 MP: 8/8
  5578 | D:6      | Noticed Tripartite's ghost (weakling MfDe)
  5579 | D:6      | Found a runed translucent gate.
  5579 | D:6      | Found a runed translucent gate.
  5579 | D:6      | Found a runed translucent gate.
  5767 | D:6      | Noticed Jeremiah
  5775 | D:6      | Killed Jeremiah
  5775 | D:6      | Reached *** piety under Okawaru
  5776 | D:6      | Reached skill level 5 in Armour
  5973 | D:7      | Found Udwem's General Store.
  5994 | D:7      | Reached skill level 1 in Invocations
  6283 | D:7      | Found a glowing golden altar of the Shining One.
  6514 | D:7      | Noticed a troll
  6521 | D:7      | Killed a troll
  6756 | D:7      | Reached **** piety under Okawaru
  6857 | D:8      | Reached skill level 5 in Invocations
  7063 | D:8      | Noticed Gastronok
  7072 | D:8      | Killed Gastronok
  7073 | D:8      | Reached XP level 10. HP: 55/83 MP: 13/15
  7073 | D:8      | Found Paisitum's Assorted Antiques.
  7294 | D:9      | Found a staircase to the Orcish Mines.
  7302 | D:9      | Reached ***** piety under Okawaru
  7553 | D:9      | Noticed a smoke demon
  7648 | D:9      | Reached skill level 10 in Invocations
  7937 | D:9      | Found a stormy altar of Qazlal.
  8013 | D:9      | Killed a smoke demon
  8013 | D:9      | Received a gift from Okawaru
  8049 | D:9      | Identified the +7 hand axe "Nooz" {spect, ^Contam rF++
                  | Str+4 Stlth+}
  8418 | D:9      | Found a shimmering altar of Xom.
  8418 | D:9      | Found an ornate altar of the Wu Jian Council.
  8431 | D:9      | Reached skill level 5 in Ranged Weapons
  8481 | D:9      | Reached XP level 11. HP: 60/89 MP: 17/17
  8767 | D:10     | Entered Level 10 of the Dungeon
  8924 | D:10     | Noticed Fannar
  8943 | Arena    | Entered the Arena
  8963 | Arena    | Killed from afar by Fannar

Illustrated notes

Levels and vault maps discovered:
D:1:      tarquinn_simple_flora_water_e, layout_basic, reono_crystal_passage,
          nicolae_titane
D:2:      layout_basic, kennysheep_donut, uniq_sigmund, uniq_robin
D:3:      layout_loops_ring, mainiacjoe_overflow_boulevard, minmay_rat_hole
D:4:      layout_layer_cave, temple_hall, portal_sewer_entry_f,
          nicolae_inconvenience_store
D:5:      cheibrodos_barr_body, layout_basic, marbit_many_paths,
          doesnt_shop_hydraphobe
D:6:      layout_basic, ebering_ghost_rock_garden, uniq_jeremiah, uniq_edmund
D:7:      layout_loops_corners, tso_metal_star, serial_shops, shop
D:8:      layout_rooms, serial_shops, shop, uniq_gastronok
D:9:      layout_loops_corners, old_standard_altar,
          mainiacjoe_overflow_divided_tiny, zombieorc1_lemuel,
          nicolae_where_there's_smoke
D:10:     layout_basic, lightli_temple_of_fire, grunt_lair_entry_orc_guard_hut,
          serial_shops, nicolae_shop_mannequins, st_stairs_7, uniq_fannar
Temple:   hellmonk_temple_of_storms
Arena

Skill      XL: |  1  2  3  4  5  6  7  8  9 10 11 |
---------------+----------------------------------+-----
Axes           | 4 5 7 8 9 11 13 | 13.3
Armour         | 4 5 |  5.2
Fighting       | 5 |  5.7
Invocations    | 8 10 | 10.5
Ranged Weapons | 5 6 |  6.4
Dodging        | |  3.3

Action                     |  1- 3 |  4- 6 |  7- 9 | 10-12 || total
---------------------------+-------+-------+-------+-------++-------
  Melee: Hand axe          |    51 |   114 |   325 |       ||   490
         Headbutt          |    14 |    31 |    96 |    47 ||   188
         Dagger            |    17 |       |       |       ||    17
         War axe           |       |       |    45 |    92 ||   137
         Battleaxe         |       |       |       |    89 ||    89
   Fire: Shortbow          |       |       |       |    29 ||    29
  Throw: Stone             |       |       |    20 |       ||    20
         Dart              |       |       |    20 |     1 ||    21
         Boomerang         |       |       |       |     5 ||     5
 Invoke: Heroism           |       |       |     2 |     1 ||     3
         Duel              |       |       |       |     1 ||     1
  Evoke: Wand              |       |     2 |    11 |     2 ||    15
    Use: Scroll            |     1 |     6 |     6 |     6 ||    19
         Potion            |       |       |       |     7 ||     7
   Stab: Paralysed         |       |     7 |     3 |       ||    10
         Sleeping          |       |       |       |     1 ||     1
 Armour: Robe              |     6 |       |       |       ||     6
         Scale mail        |    11 |       |       |       ||    11
         Plate armour      |    49 |   102 |   194 |   203 ||   548
  Dodge: Dodged            |    27 |    26 |    64 |    66 ||   183
